 Dungeon Crawl Stone Soup version 0.30-a0-596-g0af90f9a20 (webtiles) character file.

Game seed: 9174584964575298070

157 pokeman the Magician (level 5, 0/29 HPs)
             Began as a Deep Elf Hedge Wizard on Jan 6, 2023.
             Succumbed to Robin's poison
             ... on level 3 of the Dungeon.
             The game lasted 00:08:40 (3498 turns).

pokeman the Magician (Deep Elf Hedge Wizard)        Turns: 3498, Time: 00:08:41

Health: 0/29       AC:  4    Str:  7    XL:     5   Next: 15%
Magic:  12/15      EV: 13    Int: 21    God:
Gold:   106        SH:  0    Dex: 14    Spells: 8/16 levels left

rFire   + + +      SeeInvis .    h - +3 flail (holy)
rCold   . . .      Faith    .    (no shield)
rNeg    . . .      Spirit   .    n - +2 robe of the Kangaroo {Harm rF+++ Will+}
rPois   .          Reflect  .    c - +0 hat
rElec   .          Harm     +    (no cloak)
rCorr   .          Rampage  .    (no gloves)
Will    +....                    (no boots)
Stlth   ++                       (no amulet)
HPRegen 0.24/turn                (no ring)
MPRegen 0.14/turn                (no ring)

@: mighty, lethally poisoned (0 -> -3), attractive
A: no striking features
a: no special abilities


You were on level 3 of the Dungeon.
You visited 1 branch of the dungeon, and saw 3 of its levels.

You collected 106 gold pieces.

Inventory:

Hand Weapons
 b - a +2 spear of venom
 h - a +3 flail of holy wrath (weapon)
Missiles
 g - 5 javelins
Armour
 c - a +0 hat (worn)
 m - a +2 helmet
 n - the +2 robe of the Kangaroo (worn) {Harm rF+++ Will+}
   (You found it on level 3 of the Dungeon)

   rF:        It renders you almost immune to fire.
   Harm:      It increases damage dealt and taken.
   Will:      It increases your willpower.
Scrolls
 a - a scroll of identify {unknown}
 e - 2 scrolls of blinking {unknown}
 f - a scroll of butterflies {unknown}
 i - 2 scrolls of noise {unknown}
 k - a scroll of immolation {unknown}
 l - a scroll of teleportation {unknown}
Potions
 d - 2 potions of magic
 j - a potion of attraction


   Skills:
 - Level 1.0 Fighting
 - Level 1.0 Armour
 + Level 3.1 Dodging
 - Level 3.1 Stealth
 * Level 6.0 Spellcasting
 + Level 2.5 Conjurations
 - Level 1.1 Summonings
 - Level 1.1 Translocations
 + Level 0.2 Air Magic


You had 8 spell levels left.
You knew the following spells:

 Your Spells              Type           Power      Damage    Failure   Level
a - Magic Dart            Conj           68%        1d6       3%          1
b - Mephitic Cloud        Conj/Pois/Air  10%        N/A       21%         3
c - Call Imp              Summ           11%        N/A       10%         2
d - Blink                 Tloc           22%        N/A       10%         2

Your spell library contained the following spells:

 Spells                   Type           Power      Damage    Failure   Level
 Slow                     Hex            24%        N/A       10%         1
 Cigotuvi's Dreadful Rot  Necr/Pois/Air  12%        N/A       14%         2
 Dazzling Flash           Conj/Hex       22%        N/A       17%         3
 Iskenderun's Mystic Bla  Conj/Tloc      14%        2d5       41%         4
 Starburst                Conj/Fire      5%         6d4       100%        6


Dungeon Overview and Level Annotations

Branches:
Dungeon (3/15)

Altars:

Annotations:
D:3 Grinder, Ijyb


Message History

Your crimson imp hits Robin but does no damage. x2
Robin hits you with a +2 spear of venom.
You are poisoned.
You catch the helpless Robin completely off-guard!
You hit Robin.
Robin is almost dead.
You feel very sick.
Your crimson imp blinks!
Robin hits you with a +2 spear of venom.
You are lethally poisoned!
You sock Robin!
You kill Robin!
You feel very sick.
It was a potion of attraction.
You feel attractive to monsters.
You feel very sick.
It was a potion of might.
You feel very mighty all of a sudden.
* * * LOW HITPOINT WARNING * * *
You feel very sick.
* * * LOW HITPOINT WARNING * * *
You feel sick.
Things that are here:
a +2 spear of venom; a +0 animal skin; a +2 helmet
b - a +2 spear of venom;
m - a +2 helmet
* * * LOW HITPOINT WARNING * * *
You feel sick.
There is a lethal amount of poison in your body!
There is a lethal amount of poison in your body!
There is a lethal amount of poison in your body!
There is a lethal amount of poison in your body!
There is a lethal amount of poison in your body!
* * * LOW HITPOINT WARNING * * *
You feel sick.
There is a stone staircase leading up here.
* * * LOW HITPOINT WARNING * * *
You feel sick.
* * * LOW HITPOINT WARNING * * *
You feel sick.
You die...

#+ #.## #..#
######+####### #@#
#.......#....#
######.###.......#....#
....รท...5..............#
....###..<........#....#
.. #.##[.......#....#
#.##..[.....#....#
#.##........#....#
..##.#####.#.#'### ####.#
##.#.#.###


You could see a friendly crimson imp (summoned).

Vanquished Creatures
  Natasha (thrice) (D:2)
  Robin (D:3)
  A gnoll (D:1)
  2 dart slugs (D:1)
  3 ball pythons
  7 bats
  4 endoplasms
  2 giant cockroaches
  8 goblins
  6 hobgoblins
  A kobold (D:2)
  2 quokkas
  3 frilled lizards
  13 rats (D:1)
56 creatures vanquished.

Vanquished Creatures (collateral kills)
  2 hobgoblins (D:3)
2 creatures vanquished.

Grand Total: 58 creatures vanquished

Notes
Turn   | Place    | Note
-------+----------+-------------------------------------------
     0 | D:1      | pokeman the Deep Elf Hedge Wizard began the quest for the
                  | Orb.
     0 | D:1      | Reached XP level 1. HP: 10/10 MP: 7/7
   165 | D:1      | Reached XP level 2. HP: 16/16 MP: 5/9
   494 | D:1      | Reached skill level 5 in Spellcasting
   652 | D:1      | Reached XP level 3. HP: 18/20 MP: 6/11
   656 | D:1      | Learned a level 3 spell: Mephitic Cloud
   659 | D:1      | Learned a level 2 spell: Call Imp
   662 | D:1      | Learned a level 2 spell: Blink
  1345 | D:1      | Reached skill level 1 in Armour
  1644 | D:2      | Reached skill level 1 in Fighting
  1873 | D:2      | Found a faded altar of an unknown god.
  2447 | D:3      | Noticed Grinder
  2450 | D:3      | Paralysed by Grinder for 4 turns
  2452 | D:3      | Noticed Natasha
  2457 | D:2      | Killed Natasha
  2458 | D:2      | Reached XP level 4. HP: 11/25 MP: 5/13
  2688 | D:2      | Noticed Natasha
  2696 | D:2      | Killed Natasha
  3001 | D:2      | Noticed Natasha
  3008 | D:2      | Killed Natasha
  3205 | D:3      | Identified the +2 robe of the Kangaroo {Harm rF+++ Will+}
  3288 | D:3      | Noticed Ijyb
  3290 | D:3      | Reached XP level 5. HP: 29/29 MP: 11/15
  3291 | D:3      | Noticed Robin
  3307 | D:3      | Reached skill level 6 in Spellcasting
  3490 | D:3      | Killed Robin
  3496 | D:3      | HP: 1/29 [poisoned by Robin]
  3498 | D:3      | Succumbed to Robin's poison

Illustrated notes

Levels and vault maps discovered:
D:1:      heliophobic_arrival_enchanted_forest, layout_loops_ring,
          minmay_rat_gold_closets
D:2:      layout_loops_corners, basic_ecumenical_altar,
          nicolae_kite_square_tiling_tiny
D:3:      minmay_octagon_keep, layout_basic, uniq_ijyb, uniq_natasha,
          uniq_robin, uniq_grinder

Skill      XL: |  1  2  3  4  5 |
---------------+----------------+-----
Spellcasting   | 5 6 |  6.0
Armour         | 1 |  1.0
Fighting       | 1 |  1.0
Conjurations   | 2 |  2.5
Stealth        | 3 |  3.1
Dodging        | 3 |  3.1
Summonings     | |  1.1
Translocations | |  1.1
Air Magic      | |  0.2

Action                   |  1- 3 |  4- 6 || total
-------------------------+-------+-------++-------
Melee: Dagger            |     5 |       ||     5
       Flail             |       |    16 ||    16
Throw: Javelin           |     3 |       ||     3
 Cast: Magic Dart        |    94 |    16 ||   110
       Mephitic Cloud    |     1 |     4 ||     5
       Call Imp          |     1 |     3 ||     4
  Use: Potion            |       |     2 ||     2
 Stab: Sleeping          |     1 |     1 ||     2
       Confused          |       |     3 ||     3
Armor: Robe              |     9 |     5 ||    14
Dodge: Dodged            |    23 |    24 ||    47

Table legend: (Time is in decaauts)
 A = Elapsed time spent in this place.
 B = Non-inter-level travel time spent in this place.
 C = Inter-level travel time spent in this place.
 D = Time resting spent in this place.
 E = Time spent auto-exploring this place.
 F = Levels seen in this place.
 G = Mean time per level.
                   A        B        C        D        E       F      G
               +--------+--------+--------+--------+--------+-----+--------+
         Total |   3506 |   3313 |    193 |    275 |   2139 |   3 | 1168.7 |
       Dungeon |   3506 |   3313 |    193 |    275 |   2139 |   3 | 1168.7 |
               +--------+--------+--------+--------+--------+-----+--------+

Top non-repeatable levels by time:
     D:2: 1781 daAuts
     D:1: 1480 daAuts
     D:3: 244 daAuts
